AoeStats
← tobinho_125

Black Forest

503665662Analyzed
3v3 RM · 1mo ago on Sep 1, 2026· 47m 18s· 6 players
Game mode
Random Map
Map size
Normal (6 player)
Population
200
Speed
Normal
Resources
Standard
Victory
Conquest
Starting age
Dark Age
Ending age
Imperial Age
RankedLock teamsTeams togetherTeam positionsShared explorationLock speedFull tech treeHidden civsTurbo modeCheats
Victory
Defeat
🇺🇸 Malay · United States
926
+14
🇩🇪 Italians · Germany
919
+14
🇲🇽 Saracens · Mexico
859
+17
🇩🇪 Romans · Germany
884
-15
🇸🇮 Khmer · Slovenia
877
-15
🇩🇪 Portuguese · Germany
871
-15
sestan.milanmilan
0:30 Loom
12:34 Feudal Age
14:05 Wheelbarrow
13:19 Double-Bit Axe
15:50 Gold Mining
15:57 Stone Mining
16:39 Town Watch
22:01 Castle Age
23:36 Hand Cart
24:05 Gold Shaft Mining
25:59 Stone Shaft Mining
27:40 Bow Saw
30:21 Imperial Age
30:33 Cavalier
31:45 Heavy Scorpion
tobinho_125
0:56 Loom
1:51 Loom
12:13 Feudal Age
16:42 Castle Age
17:41 Double-Bit Axe
17:40 Horse Collar
18:52 Bow Saw
21:28 Town Watch
24:00 Wheelbarrow
25:29 Padded Archer Armor
31:45 Imperial Age
29:16 Town Patrol
29:31 Hand Cart
29:08 Pikeman
30:39 Man-at-Arms
32:09 Long Swordsman
33:08 Scale Mail Armor
33:23 Leather Archer Armor
32:58 Fletching
33:19 Forging
33:37 Legionary
34:24 Heavy Scorpion
34:44 Halberdier
37:29 Conscription
39:20 Ring Archer Armor
38:45 Bodkin Arrow
39:06 Chain Mail Armor
39:26 Iron Casting
38:26 Capped Ram
39:44 Ballistas
40:06 Ballistics
39:10 Siege Ram
47:50 Chemistry
Cramgee
13:44 Feudal Age
15:12 Double-Bit Axe
15:12 Horse Collar
17:59 Fletching
18:10 Padded Archer Armor
22:44 Castle Age
24:43 Scale Barding Armor
25:17 Bow Saw
30:48 Bodkin Arrow
31:10 Leather Archer Armor
37:58 Ballistics
37:31 Heated Shot
37:38 Murder Holes
41:26 Imperial Age
42:35 Forging
42:27 Scale Mail Armor
mcfly
0:42 Loom
12:14 Feudal Age
16:22 Castle Age
17:55 Wheelbarrow
17:36 Double-Bit Axe
22:56 Bow Saw
24:00 Horse Collar
25:45 Heavy Plow
28:22 Hand Cart
30:00 Caravan
29:53 Town Watch
33:21 Imperial Age
31:24 Fortified Wall
31:24 Padded Archer Armor
32:38 Leather Archer Armor
32:48 Ballistics
35:01 Chemistry
35:11 Conscription
35:03 Pirotechnia
35:15 Gold Mining
36:34 Ring Archer Armor
36:30 Bombard Tower
37:45 Two-Man Saw
37:05 Pikeman
38:51 Squires
40:16 Arson
41:55 Scale Mail Armor
42:06 Forging
pjanic1520
6:13 Loom
11:08 Feudal Age
18:33 Castle Age
16:44 Double-Bit Axe
19:14 Wheelbarrow
18:55 Gold Mining
18:49 Horse Collar
25:51 Bloodlines
25:42 Husbandry
27:08 Town Watch
31:20 Bimaristan
33:35 Gold Shaft Mining
32:53 Stone Mining
33:19 Hand Cart
33:11 Town Patrol
35:29 Redemption
39:38 Fletching
39:59 Forging
40:22 Bow Saw
42:57 Bodkin Arrow
48:09 Iron Casting
47:39 Scale Barding Armor
kudogamer20
12:18 Feudal Age
17:14 Wheelbarrow
26:14 Castle Age
24:42 Horse Collar
24:57 Double-Bit Axe
25:08 Gold Mining
28:33 Forging
28:36 Scale Barding Armor
28:07 Man-at-Arms
30:39 Long Swordsman
34:09 Iron Casting
34:53 Gold Shaft Mining
35:00 Hand Cart
38:06 Heavy Plow
38:25 Bow Saw
44:48 Crossbowman
45:54 Thumb Ring
48:38 Imperial Age
Connection lost

Rejoining the realm…

Still unreachable

The connection could not be restored.

Session expired

The server has moved on; the page needs a fresh start.